Stars vs Heat

Created - Friday, February 7, 2025 at 06:16

Goals
1 2 3 T
Stars 0 2 1 3
Heat 4 1 0 5
Shots
1 2 3 T
Stars 5 8 7 20
Heat 15 12 6 33

1st period

1. Heat , Josh Doan 32 (Nathan Walker 25, Jayson Megna 38) at 0:11
2. Heat , Chris Terry 11 (Max McCormick 14, John Klingberg 50) at 4:42
3. Heat , Josh Doan 33 (Jayson Megna 39) at 8:26
4. Heat , John Klingberg 15 (Georgi Merkulov 25, Ben Gleason 3) at 13:43 (PP)

Penalties :
Mark Rassell (TEX) for Hooking (Minor) at 2:36, Andrew Agozzino (STO) for Delaying the game (Minor) at 5:26, Roman Kinal (TEX) for Tripping (Minor) at 13:14, Max McCormick (STO) for Roughing (Minor) at 14:10

2nd period

5. Stars , Brett Murray 18 (Reese Johnson 29) at 12:17
6. Heat , Josh Doan 34 (Marcus Bjork 6, Jayson Megna 40) at 17:28 (PP)
7. Stars , Mark Rassell 17 (Luke Philp 23, Vinnie Hinostroza 19) at 19:40

Penalties :
Roman Kinal (TEX) for Slashing (Minor) at 3:07, Chad Nychuk (TEX) for Slashing (Minor) at 6:13, Reese Johnson (TEX) for Interference (Minor) at 16:17, Joel Hanley (STO) for Diving (Minor) at 17:36

3rd period

8. Stars , Vinnie Hinostroza 16 (Brandon Duhaime 16, Shawn Element 23) at 14:14

Penalties :
Frederic Brunet (TEX) for Diving (Minor) at 5:58, Brandon Duhaime (TEX) for Holding (Minor) at 11:56, Joel Hanley (STO) for Fighting (Major) at 15:32, Brandon Duhaime (TEX) for Fighting (Major) at 15:32, Joel Hanley (STO) for instigated a fight (Game Misconduct) at 15:32, Shawn Element (TEX) for Holding (Minor) at 18:20

Goalie Stats

FarmGoal6 (TEX), 9 saves from 13 shots - (0.692), L, 5-25-1, 13:43 minutes
Nikita Tolopilo (TEX), 19 saves from 20 shots - (0.950), 46:17 minutes
Connor MurphyG (STO), 17 saves from 20 shots - (0.850), W, 32-11-3, 60:00 minutes

Players Stats for Stars

Player Name              G  A  P  +/- PIM S  H  SB GA TA FO     MP     PP MP  PK MP  
------------------------------------------------------------------------------------
Alexander True           0  0  0   0  0   0  0  0  0  0  0/0     0:39   0:00   0:00 
Bradley Marek            0  0  0   1  0   0  2  0  0  0  6/11   22:07   2:26   5:28 
Brandon Duhaime          0  1  1   1  7   4  1  0  0  0  1/1    18:13   3:12   2:21 
Brett Murray             1  0  1  -1  0   3  1  0  0  0  1/1    12:16   0:00   0:30 
Carson Golder            0  0  0   1  0   4  1  0  0  0  3/14   16:00   3:20   0:43 
Chad Nychuk              0  0  0  -1  2   0  1  2  0  0  0/0    18:52   2:25   4:31 
Cody Haiskanen           0  0  0  -1  0   0  1  1  0  0  0/0    20:08   2:58   5:26 
Colin Theisen            0  0  0   0  0   0  0  0  0  0  0/0     3:08   0:00   1:58 
Farm Player 109          0  0  0  -1  0   0  0  0  0  0  0/7    19:18   2:53   4:29 
Frederic Brunet          0  0  0   0  2   0  3  2  0  0  0/0    22:54   4:19   4:45 
Grant Cruikshank         0  0  0  -1  0   0  0  0  0  0  1/3     6:27   2:38   0:31 
Luke Philp               0  1  1   0  0   1  0  0  0  0  2/11   15:54   0:49   3:36 
Mark Rassell             1  0  1   0  2   3  1  1  0  0  0/2    12:26   0:00   0:00 
Reese Johnson            0  1  1  -1  2   0  4  0  0  0  6/17   20:35   4:04   5:25 
Roman Kinal              0  0  0   1  4   0  0  1  0  0  0/0    16:06   1:12   2:18 
Shawn Element            0  1  1   1  2   1  2  4  0  0  3/6    21:49   2:27   2:49 
Tobie Bisson             0  0  0   0  0   1  3  2  0  0  0/0    23:05   4:35   5:06 
Vinnie Hinostroza        1  1  2   1  0   3  0  1  0  0  0/1    16:40   2:22   3:00 

Players Stats for Heat

Player Name              G  A  P  +/- PIM S  H  SB GA TA FO     MP     PP MP  PK MP  
------------------------------------------------------------------------------------
Andrew Agozzino          0  0  0   1  2   0  0  0  0  0  11/13  12:21   0:00   2:36 
Angus Crookshank         0  0  0  -1  0   3  1  0  0  0  0/1    13:52   0:00   3:59 
Anthony Richard          0  0  0  -1  0   3  1  0  0  0  1/2    10:11   0:18   0:00 
Ben Gleason              0  1  1   1  0   0  1  1  0  0  0/0    22:27   5:48   2:50 
Chris Terry              1  0  1   1  0   1  1  0  0  0  0/0    13:34   0:00   3:48 
Georgi Merkulov          0  1  1   0  0   2  2  0  0  0  0/2    16:28   6:16   0:00 
Jayson Megna             0  3  3   0  0   2  1  0  0  0  12/18  15:52   6:53   0:00 
Jiri Kulich              0  0  0   0  0   2  2  0  0  0  13/19  17:28   6:16   0:55 
Joel Hanley              0  0  0  -1  19  1  2  0  0  0  0/0    17:00   0:34   2:06 
John Klingberg           1  1  2  -1  0   3  2  1  0  0  0/0    22:06   5:57   0:47 
Josh Doan                3  0  3   0  0   7  0  0  0  0  2/2    16:14   6:40   0:35 
Marcus Bjork             0  1  1   1  0   0  4  0  0  0  0/0    17:20   0:46   5:06 
Max McCormick            0  1  1   1  2   1  0  0  0  0  0/0    11:00   1:15   0:00 
Mike Reilly              0  0  0   0  0   2  1  1  0  0  0/0    20:30   5:46   2:37 
Nathan Walker            0  1  1   0  0   1  2  0  0  0  0/0    15:39   6:40   0:00 
Ryan Johnson             0  0  0   0  0   1  0  1  0  0  0/0    19:33   6:40   2:26 
Sam Gagner               0  0  0   0  0   1  0  0  0  0  0/0    16:28   6:16   0:00 
Tanner Laczynski         0  0  0  -1  0   3  1  0  0  0  12/17  13:57   0:05   3:59 

3 Stars

1 - Josh Doan (STO)
2 - Jayson Megna (STO)
3 - John Klingberg (STO)

Power Play

Stars - 0 on 4 Attempt(s) - 0.00%
Heat - 2 on 8 Attempt(s) - 25.00%

Penalty Kill

Stars - 6 on 8 Attempt(s) - 75.00% - Score 0 goal in Penalty Kill
Heat - 4 on 4 Attempt(s) - 100.00% - Score 0 goal in Penalty Kill

Team Stat

Stars - Hits : 20 - Faceoff Wins : 23 - Blocked Shots : 14 - Penalty Minutes : 21
Heat - Hits : 21 - Faceoff Wins : 51 - Blocked Shots : 4 - Penalty Minutes : 23

Official

Referees : Brandon Schrader and Graham Skilliter
Linesman : Bryan Pancich and Justin Johnson

Game Notes

Nikita Tolopilo enters game at 13:43 of 1st period
Josh Doan has scored a Hat Trick!
Brandon Duhaime beats up Joel Hanley at 15:32 of 3rd period
Joel Hanley (STO) for instigated a fight (Game Misconduct) at 15:32
Joel Hanley ejected from game at 15:32 of 3rd period
Joel Hanley from Heat is suspended for 1 game(s)

Finance

Level 1 -- Attendance: 2000 (100.00%) -- Ticket Income $70,000
Level 2 -- Attendance: 950 (95.00%) -- Ticket Income $14,250
Total Attendance: 2950 (98.33%)
Total Ticket Income: $84,250
Other Income: $41,282
Total Income: $125,532

Stars

5 vs 5 Forward 
   Center                   Left Wing                Right Wing               Time % Phy DF OF 
 1 Reese Johnson            Brett Murray             Farm Player 109          25     1   2  2  
 2 Carson Golder            Brandon Duhaime          Vinnie Hinostroza        25     1   2  2  
 3 Luke Philp               Mark Rassell             Bradley Marek            25     1   2  2  
 4 Shawn Element            Bradley Marek            Brandon Duhaime          25     1   2  2  

5 vs 5 Defense 
   Defense                  Defense                                           Time % Phy DF OF 
 1 Tobie Bisson             Frederic Brunet                                   25     1   2  2  
 2 Chad Nychuk              Cody Haiskanen                                    25     1   2  2  
 3 Roman Kinal              Shawn Element                                     25     1   2  2  
 4 Tobie Bisson             Frederic Brunet                                   25     1   2  2  

PowerPlay Forward 
   Center                   Left Wing                Right Wing               Time % Phy DF OF 
 1 Reese Johnson            Brandon Duhaime          Farm Player 109          60     1   2  2  
 2 Carson Golder            Bradley Marek            Shawn Element            40     1   2  2  

PowerPlay Defense
   Defense                  Defense                                           Time % Phy DF OF 
 1 Tobie Bisson             Frederic Brunet                                   60     1   2  2  
 2 Chad Nychuk              Cody Haiskanen                                    40     1   2  2  

Penalty Kill 4 Players Forward 
   Center                   Wing                     Time % Phy DF OF 
 1 Bradley Marek            Reese Johnson            60     1   2  2  
 2 Farm Player 109          Shawn Element            40     1   2  2  

Penalty Kill 4 Players Defense
   Defense                  Defense                  Time % Phy DF OF 
 1 Tobie Bisson             Frederic Brunet          60     1   2  2  
 2 Cody Haiskanen           Chad Nychuk              40     1   2  2  

Penalty Kill - 3 Players Forward 
   Forward                                           Time % Phy DF OF 
 1 Bradley Marek                                     60     1   2  2  
 2 Reese Johnson                                     40     1   2  2  

Penalty Kill - 3 Players Defense
   Defense                  Defense                  Time % Phy DF OF 
 1 Tobie Bisson             Frederic Brunet          60     1   2  2  
 2 Farm Player 109          Cody Haiskanen           40     1   2  2  

4 vs 4 Forward 
   Center                   Wing                     Time % Phy DF OF 
 1 Shawn Element            Reese Johnson            60     1   2  2  
 2 Farm Player 109          Bradley Marek            40     1   2  2  

4 vs 4 Defense
   Defense                  Defense                  Time % Phy DF OF 
 1 Tobie Bisson             Frederic Brunet          60     1   2  2  
 2 Chad Nychuk              Cody Haiskanen           40     1   2  2  

Last Minutes Offensive
   Center                   Left Wing                Right Wing               Defense                  Defense                  
   Reese Johnson            Brandon Duhaime          Farm Player 109          Tobie Bisson             Frederic Brunet          

Last Minutes Defensive
   Center                   Left Wing                Right Wing               Defense                  Defense                  
   Reese Johnson            Brandon Duhaime          Farm Player 109          Tobie Bisson             Frederic Brunet          

Goaltenders
Starting : FarmGoal6                
Backup : Nikita Tolopilo          

Extra Forwards
Normal : Carson Golder, Grant Cruikshank, Frederic Brunet - PP : Carson Golder, Grant Cruikshank - PK : Frederic Brunet
Extra Defensemen
Normal : Tobie Bisson, Farm Player 109, Frederic Brunet - PP : Frederic Brunet - PK : Farm Player 109, Frederic Brunet
Penalty Shots
Carson Golder, Reese Johnson, Farm Player 109, Bradley Marek, Frederic Brunet
Custom OT Lines Forwards
Brandon Duhaime, Reese Johnson, Farm Player 109, Grant Cruikshank, Frederic Brunet, Luke Philp, Mark Rassell, Bradley Marek, Shawn Element, Carson Golder
Custom OT Lines Defensemen
Tobie Bisson, Frederic Brunet, Farm Player 109, Chad Nychuk, Cody Haiskanen

Scratches
FarmPlay2 (Healthy), Farm Player 11 (Healthy), Graham McPhee (Healthy), Patrick Guay (Healthy)

Heat

5 vs 5 Forward 
   Center                   Left Wing                Right Wing               Time % Phy DF OF 
 1 Jayson Megna             Nathan Walker            Josh Doan                25     1   2  2  
 2 Jiri Kulich              Georgi Merkulov          Sam Gagner               25     1   2  2  
 3 Tanner Laczynski         Angus Crookshank         Anthony Richard          25     1   2  2  
 4 Andrew Agozzino          Max McCormick            Chris Terry              25     1   2  2  

5 vs 5 Defense 
   Defense                  Defense                                           Time % Phy DF OF 
 1 Ben Gleason              John Klingberg                                    34     1   2  2  
 2 Mike Reilly              Joel Hanley                                       32     1   2  2  
 3 Ryan Johnson             Marcus Bjork                                      30     1   2  2  
 4 Joel Hanley              John Klingberg                                    4      1   2  2  

PowerPlay Forward 
   Center                   Left Wing                Right Wing               Time % Phy DF OF 
 1 Jayson Megna             Nathan Walker            Josh Doan                50     0   0  5  
 2 Jiri Kulich              Georgi Merkulov          Sam Gagner               50     0   0  5  

PowerPlay Defense
   Defense                  Defense                                           Time % Phy DF OF 
 1 Ben Gleason              John Klingberg                                    50     0   1  4  
 2 Mike Reilly              Ryan Johnson                                      50     0   1  4  

Penalty Kill 4 Players Forward 
   Center                   Wing                     Time % Phy DF OF 
 1 Tanner Laczynski         Angus Crookshank         50     1   4  0  
 2 Andrew Agozzino          Chris Terry              50     1   4  0  

Penalty Kill 4 Players Defense
   Defense                  Defense                  Time % Phy DF OF 
 1 Ben Gleason              Ryan Johnson             50     1   4  0  
 2 Joel Hanley              Marcus Bjork             50     1   4  0  

Penalty Kill - 3 Players Forward 
   Forward                                           Time % Phy DF OF 
 1 Tanner Laczynski                                  50     0   5  0  
 2 Andrew Agozzino                                   50     0   5  0  

Penalty Kill - 3 Players Defense
   Defense                  Defense                  Time % Phy DF OF 
 1 Joel Hanley              Marcus Bjork             50     0   5  0  
 2 Ben Gleason              Ryan Johnson             50     0   5  0  

4 vs 4 Forward 
   Center                   Wing                     Time % Phy DF OF 
 1 Jayson Megna             Josh Doan                50     1   2  2  
 2 Jiri Kulich              Sam Gagner               50     1   2  2  

4 vs 4 Defense
   Defense                  Defense                  Time % Phy DF OF 
 1 Ben Gleason              Mike Reilly              50     1   2  2  
 2 Joel Hanley              John Klingberg           50     1   2  2  

Last Minutes Offensive
   Center                   Left Wing                Right Wing               Defense                  Defense                  
   Jayson Megna             Nathan Walker            Josh Doan                Ben Gleason              John Klingberg           

Last Minutes Defensive
   Center                   Left Wing                Right Wing               Defense                  Defense                  
   Jayson Megna             Andrew Agozzino          Josh Doan                Ben Gleason              Joel Hanley              

Goaltenders
Starting : Connor MurphyG           
Backup : Ales Stezka              

Extra Forwards
Normal : Anthony Richard, Angus Crookshank, Tanner Laczynski - PP : Anthony Richard, Max McCormick - PK : Josh Doan
Extra Defensemen
Normal : Marcus Bjork, Ryan Johnson, Mike Reilly - PP : Marcus Bjork - PK : Mike Reilly, John Klingberg
Penalty Shots
Jiri Kulich, Max McCormick, Anthony Richard, Georgi Merkulov, Sam Gagner
Custom OT Lines Forwards
Josh Doan, Jayson Megna, Sam Gagner, Nathan Walker, Anthony Richard, Jiri Kulich, Georgi Merkulov, Max McCormick, Tanner Laczynski, Andrew Agozzino
Custom OT Lines Defensemen
John Klingberg, Ben Gleason, Mike Reilly, Joel Hanley, Ryan Johnson

Scratches
Alex Goligoski (Healthy), Cameron Hughes (Healthy), Tristen Robins (Healthy), Tyler Pitlick (Healthy), Alexander Barabanov (Healthy)
John Hayden (Healthy), Ivan Miroshnichenko (Healthy), Zach Dean (Healthy), Tanner Kero (Healthy), Radim Simek (Healthy)
Byron Froese (Healthy), Ben McCartney (Healthy), Cole Reinhardt (Healthy), Stanislav Svozil (Healthy), Lucas Ciona (Healthy)
Farm Player 100 (Healthy), Michael Mersch (Healthy), Filip Roos (Healthy), Valtteri Pulli (Healthy), Ben Jones (Healthy)
Sam Morton (Healthy), Glenn Gawdin (Healthy), Marian Studenic (Healthy), Nolan Stevens (Healthy), Chase Wouters (Healthy)
Danila Klimovich (Healthy), Curtis McKenzie (Healthy), Linus Weissbach (Healthy), Vladislav Kolyachonok (Healthy), Zac Dalpe (Healthy)
Jared McIsaac (Healthy), Jaxson Stauber (Healthy), Georgi Romanov (Healthy), Tomas Suchanek (Healthy)

% Time on Ice - Stars

Lines # - Real PCT - Wanted PCT - Time Play
Normal Forward
1 - 30% - 25% - 11:46
2 - 28% - 25% - 11:02
3 - 32% - 25% - 12:27
4 - 9% - 25% - 3:35
Normal Defense
1 - 15% - 25% - 5:51
2 - 32% - 25% - 12:23
3 - 34% - 25% - 13:03
4 - 19% - 25% - 7:33
PP Forward
1 - 58% - 60% - 4:37
2 - 42% - 40% - 3:19
PP Defense
1 - 63% - 60% - 4:58
2 - 37% - 40% - 2:58
PK Forward
1 - 76% - 60% - 10:03
2 - 24% - 40% - 3:11
PK Defense
1 - 49% - 60% - 6:31
2 - 51% - 40% - 6:43
PK3 Forward
1 - 0% - 60%
2 - 0% - 40%
PK3 Defense
1 - 0% - 60%
2 - 0% - 40%
44 Forward
1 - 0% - 60%
2 - 0% - 40%
44 Defense
1 - 0% - 60%
2 - 0% - 40%
Last Minute Offensive  - 0:00
Last Minute Defensive  - 0:00
Total
Forward - 60:00
Defense - 60:00

% Time on Ice - Heat

Lines # - Real PCT - Wanted PCT - Time Play
Normal Forward
1 - 23% - 25% - 8:59
2 - 26% - 25% - 10:12
3 - 25% - 25% - 9:53
4 - 25% - 25% - 9:46
Normal Defense
1 - 33% - 34% - 12:45
2 - 31% - 32% - 12:05
3 - 30% - 30% - 11:31
4 - 6% - 4% - 2:29
PP Forward
1 - 52% - 50% - 6:53
2 - 48% - 50% - 6:21
PP Defense
1 - 51% - 50% - 6:46
2 - 49% - 50% - 6:28
PK Forward
1 - 50% - 50% - 3:59
2 - 50% - 50% - 3:57
PK Defense
1 - 36% - 50% - 2:50
2 - 64% - 50% - 5:06
PK3 Forward
1 - 0% - 50%
2 - 0% - 50%
PK3 Defense
1 - 0% - 50%
2 - 0% - 50%
44 Forward
1 - 0% - 50%
2 - 0% - 50%
44 Defense
1 - 0% - 50%
2 - 0% - 50%
Last Minute Offensive  - 0:00
Last Minute Defensive  - 0:00
Total
Forward - 60:00
Defense - 60:00

Play-by-Play

1st period


0:01 of 1st period - Jayson Megna wins face-off versus Reese Johnson in neutral zone.
0:01 of 1st period - Jayson Megna is hit by Reese Johnson.
0:07 of 1st period - Shot by Josh Doan.
0:07 of 1st period - Shot Misses the Net.
0:09 of 1st period - Shot by Nathan Walker.
0:09 of 1st period - Shot Misses the Net.
0:11 of 1st period - Shot by Josh Doan.
0:11 of 1st period - Goal by Josh Doan - Stars : 0 - Heat : 1.
0:12 of 1st period - Jiri Kulich wins face-off versus Carson Golder in neutral zone.
0:17 of 1st period - Shot by Mike Reilly.
0:17 of 1st period - Stopped by FarmGoal6 without a rebound.
0:18 of 1st period - Tanner Laczynski wins face-off versus Mark Rassell in Stars zone.
0:34 of 1st period - Shot by Angus Crookshank.
0:34 of 1st period - Deflect By Anthony Richard.
0:34 of 1st period - Shot Blocked by Shawn Element.
0:36 of 1st period - Shot by Tanner Laczynski.
0:36 of 1st period - Shot Misses the Net.
0:52 of 1st period - Icing by Marcus Bjork.
0:53 of 1st period - Carson Golder wins face-off versus Tanner Laczynski in Heat zone.
1:07 of 1st period - Ryan Johnson is hit by Tobie Bisson.
1:14 of 1st period - Icing by Frederic Brunet.
1:15 of 1st period - Andrew Agozzino wins face-off versus Carson Golder in Stars zone.
1:23 of 1st period - Brandon Duhaime is hit by Joel Hanley and loses puck.
1:34 of 1st period - Icing by Vinnie Hinostroza.
1:35 of 1st period - Brandon Duhaime wins face-off versus Jiri Kulich in Stars zone.
2:36 of 1st period - Minor Penalty to Mark Rassell for Hooking.
2:37 of 1st period - Jayson Megna wins face-off versus Bradley Marek in Stars zone.
3:29 of 1st period - Shot by Georgi Merkulov.
3:29 of 1st period - Shot Misses the Net.
3:31 of 1st period - Shot by Jiri Kulich.
3:31 of 1st period - Shot Misses the Net.
3:33 of 1st period - Shot by Jiri Kulich.
3:33 of 1st period - Stopped by FarmGoal6 with a rebound.
3:35 of 1st period - Shot by Georgi Merkulov.
3:35 of 1st period - Stopped by FarmGoal6 with a rebound.
3:41 of 1st period - Shot by John Klingberg.
3:41 of 1st period - Shot Misses the Net.
3:43 of 1st period - Shot by Jiri Kulich.
3:43 of 1st period - Shot Blocked by Vinnie Hinostroza.
4:11 of 1st period - Mike Reilly is hit by Shawn Element and loses puck.
4:40 of 1st period - Shot by Max McCormick.
4:40 of 1st period - Shot Misses the Net.
4:42 of 1st period - Shot by Chris Terry.
4:42 of 1st period - Goal by Chris Terry - Stars : 0 - Heat : 2.
4:43 of 1st period - Tanner Laczynski wins face-off versus Luke Philp in neutral zone.
4:43 of 1st period - Tanner Laczynski is hit by Mark Rassell.
4:55 of 1st period - Shot by Angus Crookshank.
4:55 of 1st period - Stopped by FarmGoal6 with a rebound.
5:26 of 1st period - Minor Penalty to Andrew Agozzino for Delaying the game.
5:27 of 1st period - Jiri Kulich wins face-off versus Farm Player 109 in Heat zone.
6:32 of 1st period - Shot by Carson Golder.
6:32 of 1st period - Stopped by Connor MurphyG with a rebound.
7:09 of 1st period - Off-side.
7:10 of 1st period - Tanner Laczynski wins face-off versus Reese Johnson in neutral zone.
7:19 of 1st period - Joel Hanley is hit by Reese Johnson and loses puck.
8:17 of 1st period - Icing by Reese Johnson.
8:18 of 1st period - Reese Johnson wins face-off versus Jayson Megna in Stars zone.
8:18 of 1st period - Reese Johnson is hit by Jayson Megna.
8:24 of 1st period - Shot by Josh Doan.
8:24 of 1st period - Shot Blocked by Chad Nychuk.
8:26 of 1st period - Shot by Josh Doan.
8:26 of 1st period - Goal by Josh Doan - Stars : 0 - Heat : 3.
8:27 of 1st period - Andrew Agozzino wins face-off versus Vinnie Hinostroza in neutral zone.
9:06 of 1st period - Reese Johnson is hit by Chris Terry and loses puck.
9:38 of 1st period - Off-side.
9:39 of 1st period - Luke Philp wins face-off versus Angus Crookshank in neutral zone.
10:03 of 1st period - Shot by Luke Philp.
10:03 of 1st period - Shot Blocked by John Klingberg.
10:05 of 1st period - Shot by Luke Philp.
10:05 of 1st period - Stopped by Connor MurphyG with a rebound.
10:17 of 1st period - Shot by Vinnie Hinostroza.
10:17 of 1st period - Shot Blocked by Ben Gleason.
10:19 of 1st period - Shot by Carson Golder.
10:19 of 1st period - Stopped by Connor MurphyG without a rebound.
10:20 of 1st period - Jayson Megna wins face-off versus Carson Golder in Heat zone.
10:31 of 1st period - Shot by Josh Doan.
10:31 of 1st period - Stopped by FarmGoal6 with a rebound.
10:33 of 1st period - Shot by Nathan Walker.
10:33 of 1st period - Stopped by FarmGoal6 with a rebound.
10:35 of 1st period - Shot by Josh Doan.
10:35 of 1st period - Shot Blocked by Roman Kinal.
11:21 of 1st period - Shot by Andrew Agozzino.
11:21 of 1st period - Shot Misses the Net.
11:40 of 1st period - Shot by Joel Hanley.
11:40 of 1st period - Stopped by FarmGoal6 without a rebound.
11:41 of 1st period - Jiri Kulich wins face-off versus Luke Philp in Stars zone.
12:27 of 1st period - Shot by Tanner Laczynski.
12:27 of 1st period - Shot Misses the Net.
12:35 of 1st period - Shot by Angus Crookshank.
12:35 of 1st period - Stopped by FarmGoal6 with a rebound.
12:37 of 1st period - Shot by Ryan Johnson.
12:37 of 1st period - Shot Misses the Net.
12:39 of 1st period - Shot by Anthony Richard.
12:39 of 1st period - Stopped by FarmGoal6 without a rebound.
12:40 of 1st period - Jayson Megna wins face-off versus Carson Golder in Stars zone.
13:14 of 1st period - Minor Penalty to Roman Kinal for Tripping.
13:15 of 1st period - Jiri Kulich wins face-off versus Bradley Marek in Stars zone.
13:33 of 1st period - Shot by Georgi Merkulov.
13:33 of 1st period - Shot Blocked by Frederic Brunet.
13:35 of 1st period - Shot by John Klingberg.
13:35 of 1st period - Shot Misses the Net.
13:37 of 1st period - Shot by John Klingberg.
13:37 of 1st period - Shot Hit the Post.
13:39 of 1st period - Shot by Ben Gleason.
13:39 of 1st period - Shot Misses the Net.
13:41 of 1st period - Shot by Georgi Merkulov.
13:41 of 1st period - Shot Blocked by Tobie Bisson.
13:43 of 1st period - Shot by John Klingberg.
13:43 of 1st period - Goal by John Klingberg - Stars : 0 - Heat : 4.
13:43 of 1st period - Nikita Tolopilo enters game.
13:44 of 1st period - Andrew Agozzino wins face-off versus Reese Johnson in neutral zone.
13:47 of 1st period - Shot by Max McCormick.
13:47 of 1st period - Shot Misses the Net.
14:10 of 1st period - Minor Penalty to Max McCormick for Roughing.
14:11 of 1st period - Carson Golder wins face-off versus Tanner Laczynski in Heat zone.
14:45 of 1st period - Carson Golder is hit by Marcus Bjork and loses puck.
15:01 of 1st period - Icing by Cody Haiskanen.
15:02 of 1st period - Tanner Laczynski wins face-off versus Reese Johnson in Stars zone.
15:13 of 1st period - Shot by Brandon Duhaime.
15:13 of 1st period - Stopped by Connor MurphyG without a rebound.
15:14 of 1st period - Grant Cruikshank wins face-off versus Andrew Agozzino in Heat zone.
15:26 of 1st period - Shot by Vinnie Hinostroza.
15:26 of 1st period - Shot Misses the Net.
15:28 of 1st period - Shot by Tobie Bisson.
15:28 of 1st period - Shot Misses the Net.
16:34 of 1st period - Shot by Brett Murray.
16:34 of 1st period - Stopped by Connor MurphyG without a rebound.
16:35 of 1st period - Luke Philp wins face-off versus Jiri Kulich in Heat zone.
16:35 of 1st period - Mark Rassell is hit by Mike Reilly and loses puck.
17:11 of 1st period - Icing by Tobie Bisson.
17:12 of 1st period - Andrew Agozzino wins face-off versus Luke Philp in Stars zone.
18:40 of 1st period - Shot by Angus Crookshank.
18:40 of 1st period - Stopped by Nikita Tolopilo with a rebound.
18:55 of 1st period - Shot by Angus Crookshank.
18:55 of 1st period - Shot Misses the Net.
19:01 of 1st period - Shot by Tanner Laczynski.
19:01 of 1st period - Stopped by Nikita Tolopilo without a rebound.
19:02 of 1st period - Josh Doan wins face-off versus Carson Golder in Stars zone.
19:02 of 1st period - Josh Doan is hit by Shawn Element.
Goals for this period are 0 for Stars vs 4 for Heat.
Shots for this period are 5 for Stars vs 15 for Heat.

2nd period


0:01 of 2nd period - Shawn Element wins face-off versus Tanner Laczynski in neutral zone.
0:01 of 2nd period - Brandon Duhaime is hit by Angus Crookshank and loses puck.
0:12 of 2nd period - Shot by Anthony Richard.
0:12 of 2nd period - Stopped by Nikita Tolopilo without a rebound.
0:13 of 2nd period - Reese Johnson wins face-off versus Jayson Megna in Stars zone.
1:13 of 2nd period - Shot by Jiri Kulich.
1:13 of 2nd period - Shot Misses the Net.
2:51 of 2nd period - Icing by Ryan Johnson.
2:52 of 2nd period - Tanner Laczynski wins face-off versus Luke Philp in Heat zone.
2:52 of 2nd period - Tanner Laczynski is hit by Carson Golder.
3:07 of 2nd period - Minor Penalty to Roman Kinal for Slashing.
3:08 of 2nd period - Bradley Marek wins face-off versus Jayson Megna in Stars zone.
3:08 of 2nd period - Bradley Marek is hit by Nathan Walker.
3:28 of 2nd period - Shot by Josh Doan.
3:28 of 2nd period - Shot Misses the Net.
3:44 of 2nd period - Shot by John Klingberg.
3:44 of 2nd period - Stopped by Nikita Tolopilo with a rebound.
3:56 of 2nd period - Tobie Bisson is hit by Georgi Merkulov and loses puck.
4:03 of 2nd period - Shot by Sam Gagner.
4:03 of 2nd period - Deflect By Jiri Kulich.
4:03 of 2nd period - Shot Misses the Net.
4:05 of 2nd period - Shot by Mike Reilly.
4:05 of 2nd period - Stopped by Nikita Tolopilo with a rebound.
4:07 of 2nd period - Shot by Ryan Johnson.
4:07 of 2nd period - Shot Misses the Net.
4:17 of 2nd period - Shot by Georgi Merkulov.
4:17 of 2nd period - Shot Misses the Net.
4:38 of 2nd period - Shawn Element is hit by Nathan Walker and loses puck.
5:11 of 2nd period - Shot by Brandon Duhaime.
5:11 of 2nd period - Stopped by Connor MurphyG without a rebound.
5:12 of 2nd period - Andrew Agozzino wins face-off versus Carson Golder in Heat zone.
6:12 of 2nd period - Angus Crookshank is hit by Chad Nychuk.
6:13 of 2nd period - Minor Penalty to Chad Nychuk for Slashing.
6:14 of 2nd period - Jiri Kulich wins face-off versus Farm Player 109 in Stars zone.
6:25 of 2nd period - Shot by Jiri Kulich.
6:25 of 2nd period - Shot Misses the Net.
7:43 of 2nd period - Shot by Georgi Merkulov.
7:43 of 2nd period - Shot Misses the Net.
8:10 of 2nd period - Icing by Max McCormick.
8:11 of 2nd period - Anthony Richard wins face-off versus Luke Philp in Heat zone.
8:35 of 2nd period - Shot by Mark Rassell.
8:35 of 2nd period - Stopped by Connor MurphyG with a rebound.
9:23 of 2nd period - Shot by Andrew Agozzino.
9:23 of 2nd period - Shot Misses the Net.
9:29 of 2nd period - Shot by Max McCormick.
9:29 of 2nd period - Stopped by Nikita Tolopilo without a rebound.
9:30 of 2nd period - Jayson Megna wins face-off versus Carson Golder in Stars zone.
10:17 of 2nd period - Off-side.
10:18 of 2nd period - Bradley Marek wins face-off versus Georgi Merkulov in neutral zone.
10:22 of 2nd period - Luke Philp is hit by Marcus Bjork and loses puck.
10:28 of 2nd period - Icing by Marcus Bjork.
10:29 of 2nd period - Jiri Kulich wins face-off versus Luke Philp in Heat zone.
10:29 of 2nd period - Jiri Kulich is hit by Bradley Marek.
10:44 of 2nd period - Shot by Sam Gagner.
10:44 of 2nd period - Stopped by Nikita Tolopilo without a rebound.
10:45 of 2nd period - Andrew Agozzino wins face-off versus Shawn Element in Stars zone.
11:12 of 2nd period - Shot by Chris Terry.
11:12 of 2nd period - Shot Misses the Net.
11:22 of 2nd period - Chris Terry is hit by Brandon Duhaime and loses puck.
11:44 of 2nd period - Off-side.
11:45 of 2nd period - Reese Johnson wins face-off versus Georgi Merkulov in neutral zone.
11:54 of 2nd period - Shot by Brett Murray.
11:54 of 2nd period - Stopped by Connor MurphyG without a rebound.
11:55 of 2nd period - Jayson Megna wins face-off versus Mark Rassell in Heat zone.
11:57 of 2nd period - Icing by Josh Doan.
11:58 of 2nd period - Reese Johnson wins face-off versus Jayson Megna in Heat zone.
12:17 of 2nd period - Shot by Brett Murray.
12:17 of 2nd period - Goal by Brett Murray - Stars : 1 - Heat : 4.
12:18 of 2nd period - Jiri Kulich wins face-off versus Luke Philp in neutral zone.
12:26 of 2nd period - Mark Rassell is hit by Jiri Kulich and loses puck.
13:05 of 2nd period - Shot by Josh Doan.
13:05 of 2nd period - Stopped by Nikita Tolopilo without a rebound.
13:06 of 2nd period - Tanner Laczynski wins face-off versus Carson Golder in Stars zone.
13:21 of 2nd period - Shot by Tanner Laczynski.
13:21 of 2nd period - Stopped by Nikita Tolopilo without a rebound.
13:22 of 2nd period - Jayson Megna wins face-off versus Reese Johnson in Stars zone.
13:47 of 2nd period - Shot by Reese Johnson.
13:47 of 2nd period - Shot Misses the Net.
13:57 of 2nd period - Shot by Josh Doan.
13:57 of 2nd period - Shot Misses the Net.
14:14 of 2nd period - Shot by Anthony Richard.
14:14 of 2nd period - Stopped by Nikita Tolopilo without a rebound.
14:15 of 2nd period - Jiri Kulich wins face-off versus Carson Golder in Stars zone.
14:16 of 2nd period - Shot by Georgi Merkulov.
14:16 of 2nd period - Shot Misses the Net.
14:18 of 2nd period - Shot by Sam Gagner.
14:18 of 2nd period - Shot Blocked by Shawn Element.
14:20 of 2nd period - Shot by Sam Gagner.
14:20 of 2nd period - Shot Blocked by Shawn Element.
14:48 of 2nd period - Shot by Vinnie Hinostroza.
14:48 of 2nd period - Shot Misses the Net.
14:57 of 2nd period - Off-side.
14:58 of 2nd period - Tanner Laczynski wins face-off versus Bradley Marek in neutral zone.
15:26 of 2nd period - Bradley Marek is hit by Anthony Richard.
16:17 of 2nd period - Minor Penalty to Reese Johnson for Interference.
16:18 of 2nd period - Bradley Marek wins face-off versus Jiri Kulich in Stars zone.
16:41 of 2nd period - Shot by Vinnie Hinostroza.
16:41 of 2nd period - Stopped by Connor MurphyG with a rebound.
17:22 of 2nd period - Shot by Josh Doan.
17:22 of 2nd period - Stopped by Nikita Tolopilo without a rebound.
17:23 of 2nd period - Josh Doan wins face-off versus Farm Player 109 in Stars zone.
17:24 of 2nd period - Shot by John Klingberg.
17:24 of 2nd period - Deflect By Jayson Megna.
17:24 of 2nd period - Stopped by Nikita Tolopilo with a rebound.
17:26 of 2nd period - Shot by Marcus Bjork.
17:26 of 2nd period - Shot Blocked by Tobie Bisson.
17:28 of 2nd period - Shot by Josh Doan.
17:28 of 2nd period - Goal by Josh Doan - Stars : 1 - Heat : 5.
17:29 of 2nd period - Reese Johnson wins face-off versus Andrew Agozzino in neutral zone.
17:34 of 2nd period - Joel Hanley is hit by Brett Murray and loses puck.
17:36 of 2nd period - Minor Penalty to Joel Hanley for Diving.
17:37 of 2nd period - Bradley Marek wins face-off versus Tanner Laczynski in Heat zone.
17:45 of 2nd period - Shawn Element is hit by Marcus Bjork and loses puck.
17:48 of 2nd period - Shot by Carson Golder.
17:48 of 2nd period - Stopped by Connor MurphyG without a rebound.
17:49 of 2nd period - Andrew Agozzino wins face-off versus Reese Johnson in Heat zone.
18:14 of 2nd period - Icing by Cody Haiskanen.
18:15 of 2nd period - Andrew Agozzino wins face-off versus Reese Johnson in Stars zone.
19:02 of 2nd period - Shot by Bradley Marek.
19:02 of 2nd period - Shot Blocked by Ryan Johnson.
19:04 of 2nd period - Shot by Shawn Element.
19:04 of 2nd period - Shot Misses the Net.
19:06 of 2nd period - Shot by Carson Golder.
19:06 of 2nd period - Stopped by Connor MurphyG with a rebound.
19:40 of 2nd period - Shot by Mark Rassell.
19:40 of 2nd period - Goal by Mark Rassell - Stars : 2 - Heat : 5.
19:41 of 2nd period - Jayson Megna wins face-off versus Luke Philp in neutral zone.
19:59 of 2nd period - Shot by Josh Doan.
19:59 of 2nd period - Stopped by Nikita Tolopilo with a rebound.
Goals for this period are 2 for Stars vs 1 for Heat.
Shots for this period are 8 for Stars vs 12 for Heat.

3rd period


0:01 of 3rd period - Andrew Agozzino wins face-off versus Shawn Element in neutral zone.
0:03 of 3rd period - John Klingberg is hit by Frederic Brunet and loses puck.
0:07 of 3rd period - Chris Terry is hit by Frederic Brunet and loses puck.
0:25 of 3rd period - Max McCormick is hit by Tobie Bisson and loses puck.
0:39 of 3rd period - Andrew Agozzino is hit by Frederic Brunet and loses puck.
0:47 of 3rd period - Icing by Brandon Duhaime.
0:48 of 3rd period - Shawn Element wins face-off versus Jiri Kulich in Stars zone.
0:48 of 3rd period - Shawn Element is hit by Jiri Kulich.
0:59 of 3rd period - Icing by Mike Reilly.
1:00 of 3rd period - Brett Murray wins face-off versus Jiri Kulich in Heat zone.
1:08 of 3rd period - Reese Johnson is hit by Joel Hanley and loses puck.
1:12 of 3rd period - Icing by Joel Hanley.
1:13 of 3rd period - Jiri Kulich wins face-off versus Reese Johnson in Heat zone.
1:13 of 3rd period - Jiri Kulich is hit by Reese Johnson.
1:28 of 3rd period - Jiri Kulich is hit by Cody Haiskanen and loses puck.
1:48 of 3rd period - Icing by Brett Murray.
1:49 of 3rd period - Jayson Megna wins face-off versus Reese Johnson in Stars zone.
2:08 of 3rd period - Shot by Nathan Walker.
2:08 of 3rd period - Shot Blocked by Cody Haiskanen.
3:10 of 3rd period - Carson Golder is hit by John Klingberg and loses puck.
3:17 of 3rd period - Shot by Carson Golder.
3:17 of 3rd period - Shot Misses the Net.
3:19 of 3rd period - Shot by Carson Golder.
3:19 of 3rd period - Deflect By Vinnie Hinostroza.
3:19 of 3rd period - Shot Misses the Net.
3:21 of 3rd period - Shot by Roman Kinal.
3:21 of 3rd period - Shot Misses the Net.
3:28 of 3rd period - Carson Golder is hit by John Klingberg and loses puck.
3:50 of 3rd period - Shawn Element is hit by Marcus Bjork and loses puck.
4:13 of 3rd period - Shot by Anthony Richard.
4:13 of 3rd period - Shot Misses the Net.
5:41 of 3rd period - Georgi Merkulov is hit by Tobie Bisson and loses puck.
5:52 of 3rd period - Tobie Bisson is hit by Georgi Merkulov.
5:53 of 3rd period - Icing by Tobie Bisson.
5:54 of 3rd period - Tanner Laczynski wins face-off versus Shawn Element in Stars zone.
5:58 of 3rd period - Minor Penalty to Frederic Brunet for Diving.
5:59 of 3rd period - Jiri Kulich wins face-off versus Farm Player 109 in Stars zone.
6:18 of 3rd period - Shot by Jiri Kulich.
6:18 of 3rd period - Stopped by Nikita Tolopilo without a rebound.
6:19 of 3rd period - Jiri Kulich wins face-off versus Farm Player 109 in Stars zone.
6:27 of 3rd period - Icing by John Klingberg.
6:28 of 3rd period - Jiri Kulich wins face-off versus Farm Player 109 in Heat zone.
6:28 of 3rd period - Jiri Kulich is hit by Reese Johnson.
6:40 of 3rd period - Shot by Georgi Merkulov.
6:40 of 3rd period - Stopped by Nikita Tolopilo without a rebound.
6:41 of 3rd period - Jayson Megna wins face-off versus Farm Player 109 in Stars zone.
7:08 of 3rd period - Shot by Jayson Megna.
7:08 of 3rd period - Shot Misses the Net.
9:39 of 3rd period - Vinnie Hinostroza is hit by Ben Gleason and loses puck.
10:26 of 3rd period - Shot by Colin Theisen.
10:26 of 3rd period - Shot Misses the Net.
10:28 of 3rd period - Shot by Grant Cruikshank.
10:28 of 3rd period - Shot Blocked by Mike Reilly.
10:30 of 3rd period - Shot by Shawn Element.
10:30 of 3rd period - Stopped by Connor MurphyG without a rebound.
10:31 of 3rd period - Jayson Megna wins face-off versus Grant Cruikshank in Heat zone.
10:45 of 3rd period - Icing by Frederic Brunet.
10:46 of 3rd period - Tanner Laczynski wins face-off versus Grant Cruikshank in Stars zone.
10:51 of 3rd period - Shot by Tanner Laczynski.
10:51 of 3rd period - Stopped by Nikita Tolopilo without a rebound.
10:52 of 3rd period - Shawn Element wins face-off versus Tanner Laczynski in Stars zone.
10:52 of 3rd period - Shawn Element is hit by Tanner Laczynski.
10:57 of 3rd period - Off-side.
10:58 of 3rd period - Reese Johnson wins face-off versus Jiri Kulich in neutral zone.
11:48 of 3rd period - Shot by Mark Rassell.
11:48 of 3rd period - Stopped by Connor MurphyG without a rebound.
11:49 of 3rd period - Carson Golder wins face-off versus Anthony Richard in Heat zone.
11:50 of 3rd period - Shot by Brandon Duhaime.
11:50 of 3rd period - Stopped by Connor MurphyG with a rebound.
11:52 of 3rd period - Shot by Brandon Duhaime.
11:52 of 3rd period - Stopped by Connor MurphyG without a rebound.
11:53 of 3rd period - Tanner Laczynski wins face-off versus Carson Golder in Heat zone.
11:56 of 3rd period - Minor Penalty to Brandon Duhaime for Holding.
11:57 of 3rd period - Jayson Megna wins face-off versus Bradley Marek in Stars zone.
12:20 of 3rd period - Shot by Mike Reilly.
12:20 of 3rd period - Shot Blocked by Chad Nychuk.
12:30 of 3rd period - Shot by Ryan Johnson.
12:30 of 3rd period - Stopped by Nikita Tolopilo with a rebound.
12:53 of 3rd period - Icing by John Klingberg.
12:54 of 3rd period - Jiri Kulich wins face-off versus Bradley Marek in Heat zone.
13:12 of 3rd period - Shot by John Klingberg.
13:12 of 3rd period - Stopped by Nikita Tolopilo without a rebound.
13:13 of 3rd period - Bradley Marek wins face-off versus Jayson Megna in Stars zone.
13:22 of 3rd period - Shot by Mike Reilly.
13:22 of 3rd period - Shot Misses the Net.
13:55 of 3rd period - Off-side.
13:56 of 3rd period - Tanner Laczynski wins face-off versus Carson Golder in neutral zone.
14:01 of 3rd period - Shot by Angus Crookshank.
14:01 of 3rd period - Shot Blocked by Shawn Element.
14:12 of 3rd period - Shot by Vinnie Hinostroza.
14:12 of 3rd period - Stopped by Connor MurphyG with a rebound.
14:14 of 3rd period - Shot by Vinnie Hinostroza.
14:14 of 3rd period - Goal by Vinnie Hinostroza - Stars : 3 - Heat : 5.
14:15 of 3rd period - Andrew Agozzino wins face-off versus Luke Philp in neutral zone.
14:49 of 3rd period - Shot by Max McCormick.
14:49 of 3rd period - Shot Blocked by Mark Rassell.
15:23 of 3rd period - Shot by Brandon Duhaime.
15:23 of 3rd period - Shot Misses the Net.
15:32 of 3rd period - Brandon Duhaime beats up Joel Hanley.
15:32 of 3rd period - Penalty to Joel Hanley for Fighting.
15:32 of 3rd period - Penalty to Brandon Duhaime for Fighting.
15:32 of 3rd period - Penalty to Joel Hanley for instigated a fight.
15:32 of 3rd period - Joel Hanley is ejected from game.
15:33 of 3rd period - Andrew Agozzino wins face-off versus Reese Johnson in Heat zone.
15:49 of 3rd period - Shot by Tobie Bisson.
15:49 of 3rd period - Stopped by Connor MurphyG without a rebound.
15:50 of 3rd period - Tanner Laczynski wins face-off versus Reese Johnson in Heat zone.
16:38 of 3rd period - Shot by Grant Cruikshank.
16:38 of 3rd period - Shot Misses the Net.
18:20 of 3rd period - Minor Penalty to Shawn Element for Holding.
18:21 of 3rd period - Bradley Marek wins face-off versus Jayson Megna in Stars zone.
18:44 of 3rd period - Shot by Josh Doan.
18:44 of 3rd period - Deflect By Jayson Megna.
18:44 of 3rd period - Stopped by Nikita Tolopilo with a rebound.
18:46 of 3rd period - Shot by Nathan Walker.
18:46 of 3rd period - Shot Blocked by Frederic Brunet.
19:31 of 3rd period - Sam Gagner is hit by Bradley Marek and loses puck.
Goals for this period are 1 for Stars vs 0 for Heat.
Shots for this period are 7 for Stars vs 6 for Heat.